 Dungeon Crawl Stone Soup version 0.27-a0-1065-ge809cff456 (webtiles) character file.

Game seed: 18115845637477066279

415 DarkShadow the Covered (level 6, -1/53 HPs)
             Began as a Minotaur Fighter on Apr 22, 2021.
             Slain by a sky beast (3 damage)
             ... on level 4 of the Dungeon.
             The game lasted 00:08:52 (3518 turns).

DarkShadow the Covered (Minotaur Fighter)           Turns: 3518, Time: 00:08:53

Health: -1/53      AC: 10    Str: 22    XL:     6   Next: 60%
Magic:  5/5        EV:  6    Int:  5    God:
Gold:   134        SH: 10    Dex: 10    Spells: 5/5 levels left

rFire    . . .     SeeInvis .   a - +0 long sword
rCold    . . .     Faith    .   c - +0 kite shield
rNeg     . . .     Spirit   .   r - +0 chain mail
rPois    +         Reflect  .   (helmet restricted)
rElec    .         Harm     .   (no cloak)
rCorr    .         Rampage  .   (no gloves)
Will     .....                  (no boots)
Stlth    ..........             (no amulet)
HPRegen  0.17/turn              i - ring of poison resistance
MPRegen  0.09/turn              (no ring)

@: no status effects
A: horns 2, retaliatory headbutt
a: no special abilities


You were on level 4 of the Dungeon.
You visited 1 branch of the dungeon, and saw 4 of its levels.

You collected 134 gold pieces.

Inventory:

Hand Weapons
 a - a +0 long sword (weapon)
Armour
 c - a +0 kite shield (worn)
 r - a +0 chain mail (worn)
Jewellery
 e - a ring of magical power
 i - a ring of poison resistance (left hand)
 o - a ring of fire
 p - a +6 ring of intelligence
Wands
 h - a wand of flame (21)
 t - a wand of polymorph (11)
 u - a wand of charming (7)
Scrolls
 b - a scroll of magic mapping {unknown}
 g - 2 scrolls of teleportation {unknown}
 l - a scroll of blinking {unknown}
 q - a scroll of holy word {unknown}
 s - a scroll of noise {unknown}
Potions
 d - a potion of might
 f - a potion of brilliance {unknown}
 j - a potion of flight {unknown}
 k - a potion of heal wounds {unknown}
 m - 2 potions of curing {unknown}
 n - 4 potions of attraction {unknown}
 v - a potion of degeneration {unknown}


   Skills:
 + Level 4.6 Fighting
 + Level 5.3 Long Blades
 + Level 5.8 Armour
 + Level 5.3 Shields


You had 5 spell levels left.
You didn't know any spells.
Your spell library contained the following spells:

 Spells                   Type           Power      Damage    Failure   Level
 Shock                    Conj/Air       0%         1d3       100%        1
 Fulminant Prism          Conj/Hex       0%         3d6       100%        4
 Bolt of Magma            Conj/Fire/Erth 0%         4d4       100%        5


Dungeon Overview and Level Annotations

Branches:
Dungeon (4/15)
 Temple: D:4-7

Altars:
Hepliaklqana
Qazlal
Xom

Annotations:
D:3 2 transporters, passata's ghost, amateur GnTm


Innate Abilities, Weirdness & Mutations

You have a pair of horns on your head.
You reflexively headbutt those who attack you in melee.


Message History

You miss something. Something hits you but does no damage.
You miss something. Something completely misses you.
Something hits you but does no damage.
You miss something. Something hits you but does no damage.
You closely miss something. Something hits you but does no damage.
You closely miss something.
A sky beast appears from thin air!
Reactivating autopickup.
You block the sky beast's attack. x2
You hit the sky beast.
You headbutt the sky beast, but do no damage.
The sky beast is heavily wounded.
The sky beast hits you but does no damage.
You barely miss the sky beast. Your headbutt misses the sky beast.
The sky beast is heavily wounded.
You block the sky beast's attack.
Your chain mail prevents you from hitting the sky beast.
You headbutt the sky beast.
The sky beast is heavily wounded.
The sky beast hits you. The sky beast shocks you. The sky beast hits you.
The sky beast shocks you.
* * * LOW HITPOINT WARNING * * *
You closely miss the sky beast.
The sky beast is heavily wounded.
The sky beast hits you.
* * * LOW HITPOINT WARNING * * *
The sky beast shocks you.
* * * LOW HITPOINT WARNING * * *
You hit the sky beast.
The sky beast is severely wounded.
The sky beast hits you but does no damage.
You slash the sky beast! Your headbutt misses the sky beast.
The sky beast is almost dead.
The sky beast hits you.
* * * LOW HITPOINT WARNING * * *
The sky beast shocks you.
* * * LOW HITPOINT WARNING * * *
You hit the sky beast but do no damage. Your headbutt misses the sky beast.
The sky beast is almost dead.
The sky beast hits you.
You die...

#....#...#
#......###
#.....#######.
##.##.........
#.##..#######
#.##..#
##....##
#...### #Y@##
....|..##
.......
.......
###(... #..##
#.# ..


You could see a sky beast.

Vanquished Creatures
  A howler monkey (D:4)
  A hound (D:4)
  An orc priest (D:4)
  Jessica (D:2)
  Natasha (thrice) (D:2)
  An orc wizard (D:4)
  A hound skeleton (D:4)
  Robin (D:2)
  2 adders
  3 gnolls (D:4)
  2 worms (D:3)
  3 orcs
  8 bats
  6 endoplasms
  3 giant cockroaches
  9 hobgoblins
  28 jackals
  8 kobolds
  2 quokkas
  7 ball pythons
  3 frilled lizards
  8 goblins
  5 rats
107 creatures vanquished.

Notes
Turn   | Place    | Note
-------+----------+-------------------------------------------
     0 | D:1      | DarkShadow the Minotaur Fighter began the quest for the
                  | Orb.
     0 | D:1      | Reached XP level 1. HP: 19/19 MP: 0/0
    34 | D:1      | Identified the Disquisition on Confrontation
   381 | D:1      | Reached XP level 2. HP: 24/27 MP: 1/1
   804 | D:1      | Reached XP level 3. HP: 33/33 MP: 2/2
  1357 | D:2      | Identified the +2 helmet of Xongufo {Will- Int+4 Slay+2}
  1357 | D:2      | Noticed Robin
  1365 | D:2      | Killed Robin
  1540 | D:2      | Reached XP level 4. HP: 36/40 MP: 3/3
  1638 | D:2      | Noticed Jessica
  1666 | D:2      | Killed Jessica
  1839 | D:2      | Noticed Natasha
  1844 | D:2      | Killed Natasha
  1885 | D:2      | Noticed Natasha
  1890 | D:2      | Killed Natasha
  1891 | D:2      | Reached skill level 5 in Armour
  1891 | D:2      | Reached XP level 5. HP: 35/46 MP: 4/4
  2060 | D:2      | Noticed Natasha
  2071 | D:2      | Killed Natasha
  2217 | D:3      | Noticed a water elemental
  2219 | D:3      | Found a stormy altar of Qazlal.
  2424 | D:3      | Found a transporter.
  2425 | D:3      | Found a transporter.
  2425 | D:3      | Noticed passata's ghost (amateur GnTm)
  2548 | D:3      | Noticed a fire elemental
  2548 | D:3      | Noticed an air elemental
  3042 | D:4      | Reached skill level 5 in Shields
  3119 | D:4      | Found a hazy altar of Hepliaklqana.
  3123 | D:4      | Reached XP level 6. HP: 47/53 MP: 5/5
  3180 | D:4      | Reached skill level 5 in Long Blades
  3462 | D:4      | Found a shimmering altar of Xom.
  3488 | D:4      | Noticed a sky beast
  3517 | D:4      | HP: 2/53 [sky beast (6)]
  3518 | D:4      | Slain by a sky beast

Illustrated notes

Levels and vault maps discovered:
D:1:      scummos_arrival_simple_crosswalls, layout_basic
D:2:      layout_loops_ring, uniq_natasha, uniq_robin, uniq_jessica
D:3:      layout_loops_ring, nicolae_qazlal_style_of_elements,
          gammafunk_ghost_arena, minmay_joined_circles
D:4:      layout_rooms, nicolae_overflow_crystal_walls, old_standard_altar,
          hangedman_abyss_or_decor_stabs

Skill      XL: |  1  2  3  4  5  6 |
---------------+-------------------+-----
Armour         | 4 5 |  5.8
Shields        | 4 5 |  5.3
Long Blades    | 3 4 5 |  5.3
Fighting       | 4 |  4.6

Action                   |  1- 3 |  4- 6 || total
-------------------------+-------+-------++-------
Melee: Long sword        |   101 |   174 ||   275
       Headbutt          |    14 |    33 ||    47
  Use: Potion            |     1 |       ||     1
Armor: Scale mail        |   106 |    18 ||   124
       Chain mail        |       |    68 ||    68
Dodge: Dodged            |    74 |    44 ||   118
Block: Kite shield       |    71 |    91 ||   162
       Rpst.: Long sword |    26 |    12 ||    38

Table legend: (Time is in decaauts)
 A = Elapsed time spent in this place.
 B = Non-inter-level travel time spent in this place.
 C = Inter-level travel time spent in this place.
 D = Time resting spent in this place.
 E = Time spent auto-exploring this place.
 F = Levels seen in this place.
 G = Mean time per level.
                   A        B        C        D        E       F      G
               +--------+--------+--------+--------+--------+-----+--------+
         Total |   3656 |   3635 |     21 |    657 |   2251 |   4 |  914.0 |
       Dungeon |   3656 |   3635 |     21 |    657 |   2251 |   4 |  914.0 |
               +--------+--------+--------+--------+--------+-----+--------+

Top non-repeatable levels by time:
     D:2: 1272 daAuts
     D:1: 1029 daAuts
     D:3: 834 daAuts
     D:4: 519 daAuts
